 Dungeon Crawl Stone Soup version 0.27-a0-277-g024f7ef292 (webtiles) character file.

Game seed: 13017953308293821827

45 runemasterragnar the Insei (level 3, -1/23 HPs)
             Began as an Octopode Transmuter on Feb 6, 2021.
             Slain by Sigmund
             ... wielding a +0 scythe
              (12 damage)
             ... on level 2 of the Dungeon.
             The game lasted 00:01:04 (1347 turns).

runemasterragnar the Insei (Octopode Transmuter)    Turns: 1347, Time: 00:01:05

Health: -1/23      AC:  1    Str: 10    XL:     3   Next: 64%
Magic:  6/6        EV: 13    Int: 15    God:
Gold:   94         SH:  0    Dex: 12    Spells: 5/6 levels left

rFire    . . .     SeeInvis .     - Unarmed
rCold    . . .     Faith    .   (no shield)
rNeg     . . .     Spirit   .   (helmet currently unavailable)
rPois    .         Reflect  .   (no amulet)
rElec    .         Harm     .   (no ring)
rCorr    .         Rampage  .   (no ring)
Will     .....                  (no ring)
Stlth    ++........             (no ring)
HPRegen  0.07/turn              (no ring)
MPRegen  0.10/turn              (no ring)
                                (no ring)
                                (no ring)

@: confused, appendages (expiring)
A: almost no armour, stealthy swim, amphibious, 8 rings, constrict 8, tentacle
spike 3, camouflage 1, gelatinous body 1
a: End Transformation


You were on level 2 of the Dungeon.
One of your tentacles had a temporary spike.
You visited 1 branch of the dungeon, and saw 2 of its levels.

You collected 94 gold pieces.

Inventory:

Missiles
 h - 28 poisoned darts
Scrolls
 a - 2 scrolls of teleportation {unknown}
 b - 6 scrolls of remove curse {unknown}
 c - 2 scrolls of enchant weapon {unknown}
 f - a scroll of enchant armour {unknown}
 i - a scroll of noise {unknown}
 m - a scroll of fear {unknown}
Potions
 d - a potion of invisibility {unknown}
 e - a potion of heal wounds {unknown}
 g - 3 potions of lignification {unknown}
 j - a potion of berserk rage {unknown}
 k - 2 potions of brilliance {unknown}
 l - a potion of magic {unknown}


   Skills:
 + Level 1.4 Fighting
 + Level 2.2 Dodging
 + Level 1.4 Stealth
 * Level 3.4 Unarmed Combat
 + Level 2.2 Spellcasting
 * Level 2.6 Transmutations


You had 5 spell levels left.
You knew the following spells:

 Your Spells              Type           Power        Failure   Level
a - Beastly Appendage     Tmut           18%          8%          1

Your spell library contained the following spells:

 Spells                   Type           Power        Failure   Level
 Wereblood                Tmut           9%           11%         2
 Spider Form              Tmut/Pois      2%           36%         3
 Ice Form                 Ice/Tmut       5%           77%         4
 Blade Hands              Tmut           4%           90%         5


Dungeon Overview and Level Annotations

Branches:
Dungeon (2/15)

Altars:
Cheibriados

Annotations:
D:2 Sigmund


Innate Abilities, Weirdness & Mutations

You cannot wear most types of armour.
You are very stealthy in the water. (Stealth+)
You are amphibious.
You can wear up to eight rings at the same time.
You can use your tentacles to constrict eight enemies at once.
Your skin changes colour to match your surroundings (Stealth+).
Your rubbery body absorbs attacks. (AC +1, EV +1)
One of your tentacles bears a large vicious spike.


Message History

You tentacle-slap Sigmund.
You pierce Sigmund.
You squeeze Sigmund.
Sigmund is heavily wounded.
You constrict Sigmund.
You tentacle-slap Sigmund but do no damage.
You pierce Sigmund.
Sigmund is severely wounded.
You constrict Sigmund. Sigmund gestures at you while chanting.
You are confused.
You bump into the rock wall.
You constrict Sigmund.
Sigmund points at you and mumbles some strange words.
The puff of flame hits you!
You tentacle-slap Sigmund.
Sigmund is almost dead.
You constrict Sigmund, but do no damage.
Sigmund closely misses you.
You bump into the rock wall.
You constrict Sigmund. Sigmund hits you with a +0 scythe!
Ouch! That really hurt!
You die...

#############.#
#.......@@....#
#.###########.#
#.# #.# #.# #.#
#.# #.# #######
#.# #.....#


You could see Sigmund.

Vanquished Creatures
  Robin (D:2)
  An ooze (D:2)
  2 bats
  A giant cockroach (D:1)
  6 goblins
  8 hobgoblins
  A kobold (D:1)
  A quokka (D:2)
  2 frilled lizards (D:1)
  3 rats (D:1)
26 creatures vanquished.

Notes
Turn   | Place    | Note
-------+----------+-------------------------------------------
     0 | D:1      | runemasterragnar the Octopode Transmuter began the quest
                  | for the Orb.
     0 | D:1      | Reached XP level 1. HP: 13/13 MP: 3/3
   250 | D:1      | Reached XP level 2. HP: 18/18 MP: 5/5
   797 | D:2      | Found a snail-covered altar of Cheibriados.
   973 | D:2      | Reached skill level 1 in Stealth
  1033 | D:2      | Reached XP level 3. HP: 23/23 MP: 4/6
  1034 | D:2      | Noticed Robin
  1039 | D:2      | Killed Robin
  1334 | D:2      | Noticed Sigmund
  1347 | D:2      | Slain by Sigmund

Illustrated notes

Levels and vault maps discovered:
D:1:      wander_arrival_fairy_ring, layout_basic
D:2:      layout_basic, nicolae_overflow_hidden_temple, uniq_robin, uniq_sigmund

Skill      XL: |  1  2 |
---------------+-------+-----
Stealth        | 1 |  1.4
Fighting       | |  1.4
Dodging        | |  2.2
Unarmed Combat | |  3.4
Spellcasting   | |  2.2
Transmutations | |  2.6

Action                   || total
-------------------------++-------
Melee: Unarmed           ||    51
       Constrict         ||    16
       Kick              ||    10
       Punch             ||     2
       Tentacles         ||     5
 Cast: Beastly Appendage ||     5
 Stab: Sleeping          ||     7
Armor: Skin              ||     2
Dodge: Dodged            ||    17

Table legend: (Time is in decaauts)
 A = Elapsed time spent in this place.
 B = Non-inter-level travel time spent in this place.
 C = Inter-level travel time spent in this place.
 D = Time resting spent in this place.
 E = Time spent auto-exploring this place.
 F = Levels seen in this place.
 G = Mean time per level.
                   A        B        C        D        E       F      G
               +--------+--------+--------+--------+--------+-----+--------+
         Total |   1343 |   1309 |     34 |      0 |   1150 |   2 |  671.5 |
       Dungeon |   1343 |   1309 |     34 |      0 |   1150 |   2 |  671.5 |
               +--------+--------+--------+--------+--------+-----+--------+

Top non-repeatable levels by time:
     D:1: 689 daAuts
     D:2: 653 daAuts
